 Dungeon Crawl Stone Soup version 0.28-a0-872-g80cf8599ee (webtiles) character file.

Game seed: 1185304676518096414

114 croobank the Insei (level 4, -4/28 HPs)
             Began as an Octopode Transmuter on Nov 21, 2021.
             Slain by an orc (8 damage)
             ... on level 3 of the Dungeon.
             The game lasted 00:11:41 (2784 turns).

croobank the Insei (Octopode Transmuter)            Turns: 2784, Time: 00:11:41

Health: -4/28      AC:  1    Str: 10    XL:     4   Next: 98%
Magic:  8/8        EV: 13    Int: 15    God:
Gold:   85         SH:  0    Dex: 12    Spells: 1/8 levels left

rFire   . . .      SeeInvis .     - Unarmed
rCold   . . .      Faith    .   (no shield)
rNeg    . . .      Spirit   .   (helmet restricted)
rPois   .          Reflect  .   (no amulet)
rElec   .          Harm     .   (no ring)
rCorr   .          Rampage  .   (no ring)
Will    .....                   (no ring)
Stlth   +++.......              (no ring)
HPRegen 0.09/turn               (no ring)
MPRegen 0.11/turn               (no ring)
                                (no ring)
                                (no ring)

@: no status effects
A: almost no armour, amphibious, 8 rings, camouflage 1, gelatinous body 1,
(nimble swimmer 1), tentacles
a: no special abilities


You were on level 3 of the Dungeon.
You visited 1 branch of the dungeon, and saw 3 of its levels.

You collected 85 gold pieces.

Inventory:

Hand Weapons
 a - a +1 dagger of electrocution
 b - a +0 short sword
 f - a +0 spear
 g - a +0 dagger
 l - a +0 hand axe
 m - a +1 vampiric short sword
Missiles
 e - 43 stones
Scrolls
 h - a scroll of enchant armour
 i - a scroll of brand weapon {unknown}
 j - a scroll of enchant weapon
 k - a scroll of magic mapping {unknown}
Potions
 c - 2 potions of magic {unknown}
 d - 2 potions of attraction {unknown}
 n - a potion of mutation {unknown}


   Skills:
 - Level 1.0 Fighting
 - Level 2.1 Dodging
 - Level 2.3 Stealth
 - Level 3.5 Unarmed Combat
 + Level 2.9 Spellcasting
 * Level 1.3 Conjurations
 + Level 2.8 Transmutations


You had one spell level left.
You knew the following spells:

 Your Spells              Type           Power      Damage    Failure   Level
a - Beastly Appendage     Tmut           20%        N/A       6%          1
b - Wereblood             Tmut           10%        N/A       10%         2
c - Foxfire               Conj/Fire      16%        2x1d4     16%         1
d - Spider Form           Tmut/Pois      6%         N/A       34%         3

Your spell library contained the following spells:

 Spells                   Type           Power      Damage    Failure   Level
 Conjure Flame            Conj/Fire      4%         6-21      43%         3
 Dazzling Flash           Conj/Hex       8%         N/A       43%         3
 Inner Flame              Hex/Fire       2%         N/A       52%         3
 Ice Form                 Ice/Tmut       6%         N/A       75%         4
 Flame Wave               Conj/Fire      4%         3d3       83%         4
 Iskenderun's Mystic Bla  Conj/Tloc      4%         2d3       83%         4
 Starburst                Conj/Fire      2%         6d3       100%        6


Dungeon Overview and Level Annotations

Branches:
Dungeon (3/15)

Altars:

Annotations:
D:3 1 transporter, croobank's ghost, amateur DgDe


Innate Abilities, Weirdness & Mutations

You cannot wear most types of armour.
You are amphibious.
You can wear up to eight rings at the same time.
Your skin changes colour to match your surroundings (Stealth+).
Your rubbery body absorbs attacks. (AC +1, EV +1)
((You are camouflaged near water. (Stealth+)))
You have tentacles for arms and can constrict up to eight enemies at once.


Message History

a +0 mace; a +0 ring mail This spell is extremely dangerous to cast!
Memorise Spider Form, consuming 3 spell levels and leaving 1?
You start memorising the spell.
You continue memorising. x3
You finish memorising.
Spell assigned to 'd'.
An orc comes into view. It is wielding a +0 hand axe.
Casting: Beastly Appendage (safe; 6% risk of failure)
Confirm with . or Enter, or press ? or * to list all spells.
One of your tentacles grows a vicious spike.
The goblin shouts!
The helpless orc fails to defend itself.
You tentacle-slap the orc but do no damage.
Your grab misses the orc.
Your tentacle spike misses the orc.
You squeeze the orc!
You kill the orc!
Things that are here:
a +0 hand axe; a +0 leather armour Magic restored.
Your transformation is almost over.
Found a stone staircase leading down.
A bat and an orc come into view.
An orc priest comes into view.
It is wielding a +0 falchion of draining.
The orc shouts!
You hear a shout!
An orc wizard comes into view. It is wielding a +0 dagger.
You tentacle-slap the orc. You grab the orc.
The orc is severely wounded.
Your tentacle spike disappears.
You constrict the orc. The orc hits you with a +0 morningstar!
You tentacle-slap the orc but do no damage.
The orc is severely wounded.
You constrict the orc, but do no damage.
The orc hits you with a +0 morningstar!
* * * LOW HITPOINT WARNING * * *
Okay, then.
Okay, then.
Sorry, you're not good enough to have a special ability.
You release your grip on the orc.
There is a stone staircase leading down here.
The orc hits you with a +0 morningstar!
You die...

..#.........#..# ##.
..##8wJg..8##..# ..
...#########.... ..
.......©.......# #.
............... #.
##......###.. #.##
#.#.##.# ### ## #..#
##.#.##.#
#...###@##.##.#.##.#
#o.oo....##.#)##.#
#...###.####....##.#
## #.###.....##..
#.##.......###
#...........#
####.......##
........##
#####...##


You could see an orc priest, an orc wizard and an orc.

Vanquished Creatures
  Terence (D:3)
  An orc wizard (D:3)
  2 adders (D:2)
  A worm (D:2)
  A dart slug (D:1)
  6 orcs (D:3)
  3 endoplasms
  A giant cockroach (D:1)
  2 goblins (D:2)
  4 hobgoblins (D:1)
  4 ball pythons
  3 bats
  A frilled lizard (D:2)
  6 kobolds
  4 rats
40 creatures vanquished.

Notes
Turn   | Place    | Note
-------+----------+-------------------------------------------
     0 | D:1      | croobank the Octopode Transmuter began the quest for the
                  | Orb.
     0 | D:1      | Reached XP level 1. HP: 13/13 MP: 3/3
   290 | D:1      | Reached skill level 1 in Stealth
   395 | D:1      | Reached XP level 2. HP: 16/18 MP: 3/5
   608 | D:1      | Found a faded altar of an unknown god.
  1358 | D:2      | Reached XP level 3. HP: 17/23 MP: 4/6
  1910 | D:2      | Learned a level 2 spell: Wereblood
  1912 | D:2      | Learned a level 1 spell: Foxfire
  2312 | D:3      | Reached XP level 4. HP: 18/28 MP: 7/7
  2514 | D:3      | Found a transporter.
  2514 | D:3      | Noticed croobank's ghost (amateur DgDe)
  2520 | D:3      | Noticed Terence
  2531 | D:3      | Killed Terence
  2532 | D:3      | Reached skill level 1 in Conjurations
  2732 | D:3      | Learned a level 3 spell: Spider Form
  2784 | D:3      | Slain by an orc

Illustrated notes

Levels and vault maps discovered:
D:1:      dpeg_arrival_fog, layout_basic, basic_ecumenical_altar, minivault_24
D:2:      layout_loops_ring
D:3:      layout_loops_ring, gammafunk_ghost_arena, uniq_terence, uniq_jessica

Skill      XL: |  1  2  3  4 |
---------------+-------------+-----
Stealth        | 1 2 |  2.3
Conjurations   | 1 |  1.3
Fighting       | |  1.0
Dodging        | |  2.1
Unarmed Combat | |  3.5
Spellcasting   | |  2.9
Transmutations | |  2.8

Action                   |  1- 3 |  4- 6 || total
-------------------------+-------+-------++-------
Melee: Unarmed           |    77 |    19 ||    96
       Constrict         |    19 |     4 ||    23
       Kick              |    16 |     3 ||    19
       Tentacles         |    11 |     3 ||    14
 Cast: Beastly Appendage |    26 |     2 ||    28
       Wereblood         |       |     3 ||     3
  Use: Scroll            |     5 |       ||     5
       Potion            |     1 |       ||     1
 Stab: Sleeping          |    11 |     2 ||    13
Armor: Skin              |     9 |       ||     9
Dodge: Dodged            |    49 |     5 ||    54

Table legend: (Time is in decaauts)
 A = Elapsed time spent in this place.
 B = Non-inter-level travel time spent in this place.
 C = Inter-level travel time spent in this place.
 D = Time resting spent in this place.
 E = Time spent auto-exploring this place.
 F = Levels seen in this place.
 G = Mean time per level.
                   A        B        C        D        E       F      G
               +--------+--------+--------+--------+--------+-----+--------+
         Total |   2778 |   2730 |     48 |    359 |   1963 |   3 |  926.0 |
       Dungeon |   2778 |   2730 |     48 |    359 |   1963 |   3 |  926.0 |
               +--------+--------+--------+--------+--------+-----+--------+

Top non-repeatable levels by time:
     D:1: 1228 daAuts
     D:2: 940 daAuts
     D:3: 609 daAuts
